 Dungeon Crawl Stone Soup version 0.20-a0-427-g8b12978 (webtiles) character file.

275 Kriby the Skirmisher (level 6, -8/48 HPs)
             Began as a Mummy Fighter on Jan 1, 2017.
             Mangled by an ogre
             ... wielding a +0 giant club
              (23 damage)
             ... on level 3 of the Dungeon.
             The game lasted 00:05:10 (3478 turns).

Kriby the Skirmisher (Mummy Fighter)                Turns: 3478, Time: 00:05:10

Health: -8/48      AC:  6    Str: 19    XL:     6   Next: 3%
Magic:  6/6        EV:  7    Int:  8    God:
Gold:   205        SH:  9    Dex: 13    Spells: 5/5 levels left

rFire  x . .     SeeInvis .     a - +0 war axe
rCold  + . .     Gourm    .     b - +0 scale mail
rNeg   + + +     Faith    .     c - +0 shield
rPois  ∞         Spirit   .     (no helmet)
rElec  .         Reflect  .     (no cloak)
rCorr  .         Harm     .     (no gloves)
MR     .....                    (no boots)
Stlth  ..........               (no amulet)
                                (no ring)
                                (no ring)

@: no status effects
A: no food or potions, fire vulnerability, cold resistance 1, negative energy
resistance 3, torment resistance, unbreathing
a: no special abilities


You were on level 3 of the Dungeon.
You were not hungry.

You visited 1 branch of the dungeon, and saw 3 of its levels.

You collected 205 gold pieces.

Inventory:

Hand Weapons
 a - a +0 war axe (weapon)
Armour
 b - a +0 scale mail (worn)
 c - a +0 shield (worn)
Jewellery
 i - a cursed -2 ring of protection {unknown}
Scrolls
 d - 3 scrolls of teleportation {unknown}
 e - a scroll of identify {unknown}
 f - a scroll of fear {unknown}
 g - a scroll of noise {unknown}
 h - 2 scrolls of remove curse {unknown}
 j - a scroll of fog {unknown}
Books
 k - a book of Maledictions

   Spells                             Type                      Level
   a - Corona                         Hexes                        1
   b - Ensorcelled Hibernation        Hexes/Ice                    2
   c - Confuse                        Hexes                        3
   d - Tukima's Dance                 Hexes                        3
   e - Dazzling Spray                 Conjuration/Hexes            3


   Skills:
 + Level 4.1 Fighting
 + Level 3.1 Axes
 + Level 3.3 Armour
 + Level 3.4 Shields


You had 5 spell levels left.
You didn't know any spells.

Dungeon Overview and Level Annotations

Branches:
Dungeon (3/15)

Altars:


Innate Abilities, Weirdness & Mutations

You do not eat or drink.
Your flesh is vulnerable to fire.
You are immune to poison.
Your flesh is cold resistant. (rC+)
You are immune to negative energy. (rN+++)
You are immune to unholy pain and torment.
You can survive without breathing.


Message History

The ogre is moderately wounded.
The ogre closely misses you.
You slash the ogre!
The ogre is severely wounded.
You block the ogre's attack. The ogre hits you with a giant club!
Your shield and scale mail prevent you from hitting the ogre.
The ogre is severely wounded.
The ogre hits you with a giant club!
You are too injured to fight recklessly!
You hit the ogre.
The ogre is almost dead.
You block the ogre's attack.
You hit the ogre.
The ogre is almost dead.
The ogre hits you with a giant club.
* * * LOW HITPOINT WARNING * * *
You hit the ogre but do no damage.
The ogre is almost dead.
The ogre hits you with a giant club!!
You die...

# ....########
....$gO@...#############
.....#####.##..........#
... #####.##.########.# #
#>.#.....##.########.#
#..#.##..##.#........#
#..#.##..##.#.########
#..#.##..##.#.#
#..#.##..##.#)########
######..#.##..##.#.........


You could see an ogre and a hobgoblin.

Vanquished Creatures
  2 orc wizards (D:3)
  Terence (D:2)
  A gnoll (D:1)
  9 adders
  3 oozes
  A dart slug (D:1)
  A leopard gecko (D:2)
  6 orcs (D:3)
  9 bats
  5 giant cockroaches
  15 goblins
  4 hobgoblins
  6 jackals (D:2)
  8 kobolds
  A quokka (D:3)
  3 frilled lizards
  7 rats
82 creatures vanquished.

Notes
Turn   | Place    | Note
-------+----------+-------------------------------------------
     0 | D:1      | Kriby the Mummy Fighter began the quest for the Orb.
     0 | D:1      | Reached XP level 1. HP: 18/18 MP: 1/1
   116 | D:1      | Reached XP level 2. HP: 24/24 MP: 2/2
   524 | D:1      | Reached XP level 3. HP: 29/29 MP: 3/3
  1106 | D:2      | Reached XP level 4. HP: 35/35 MP: 4/4
  1705 | D:2      | Noticed Terence
  1713 | D:2      | Killed Terence
  1713 | D:2      | Reached XP level 5. HP: 29/42 MP: 5/5
  2878 | D:3      | Reached skill level 4 in Fighting
  3131 | D:3      | Reached XP level 6. HP: 16/48 MP: 6/6
  3478 | D:3      | Mangled by an ogre

Vault maps used:
D:1:      matt_arrival_spirals
D:2:      minmay_wonky_spiral, minmay_hedge_maze, uniq_terence
D:3:      grunt_ministairs_10, interstate_on_off

Skill      XL: |  1  2  3  4  5 |
---------------+----------------+-----
Axes           | 2 3 |  3.1
Armour         | 3 |  3.3
Shields        | 3 |  3.4
Fighting       | 4 |  4.1

Action                   |  1- 3 |  4- 6 || total
-------------------------+-------+-------++-------
Melee: War axe           |   111 |   197 ||   308
  Use: Scroll            |     1 |       ||     1
Armor: Scale mail        |    39 |    87 ||   126
Dodge: Dodged            |    31 |    65 ||    96
Block: Shield            |    57 |   105 ||   162
